 Dungeon Crawl Stone Soup version 0.25.1-2-g60ff931df9 (webtiles) character file.

Game seed: 8382785150809470932

108 Johnny the Digger (level 4, -1/33 HPs)
             Began as a Demigod Earth Elementalist on Oct 26, 2020.
             Slain by an orc
             ... wielding a +0 war axe
              (9 damage)
             ... on level 3 of the Dungeon.
             The game lasted 00:01:51 (3090 turns).

Johnny the Digger (Demigod Earth Elementalist)      Turns: 3090, Time: 00:01:52

Health: -1/33      AC:  3    Str: 11    XL:     4   Next: 33%
Magic:  9/10       EV: 12    Int: 21    God:
Gold:   78         SH:  0    Dex: 16    Spells: 7/8 levels left

rFire    . . .     SeeInvis .   j - +1 falchion (drain)
rCold    . . .     Gourm    .   (no shield)
rNeg     . . .     Faith    .   h - +0 leather armour (curse)
rPois    .         Spirit   .   (no helmet)
rElec    .         Reflect  .   (no cloak)
rCorr    .         Harm     .   (no gloves)
MR       .....                  (no boots)
Stlth    ++........             (no amulet)
HPRegen  0.11/turn              (no ring)
MPRegen  0.12/turn              (no ring)

@: lightly drained
A: high mp 1
a: no special abilities


You were on level 3 of the Dungeon.
You were hungry.

You visited 1 branch of the dungeon, and saw 3 of its levels.

You collected 78 gold pieces.

Inventory:

Hand Weapons
 j - a +1 falchion of draining (weapon)
Missiles
 b - 80 stones (quivered)
Armour
 h - a cursed +0 leather armour (worn)
 i - a +0 kite shield
Scrolls
 e - 4 scrolls of teleportation {unknown}
 f - a scroll of remove curse {unknown}
 g - a scroll of enchant armour {unknown}
Potions
 a - a potion of flight {unknown}
 c - a potion of ambrosia {unknown}
Comestibles
 d - 4 rations
 k - 3 chunks of flesh


   Skills:
 - Level 1.7 Dodging
 - Level 1.7 Stealth
 + Level 1.4 Shields
 + Level 2.5(2.4) Spellcasting
   Level 0.8 Transmutations
 * Level 4.0 Earth Magic


You had 7 spell levels left.
You knew the following spells:

 Your Spells              Type           Power        Failure   Level  Hunger
a - Sandblast             Erth           ###...       3%          1    None

Your spell library contained the following spells:

 Spells                   Type           Power        Failure   Level  Hunger
 Passwall                 Tmut/Erth      ##......     11%         2    ##.....
 Stone Arrow              Conj/Erth      ##....       24%         3    ###....
 Petrify                  Tmut/Erth      ##......     56%         4    ####...
 Lee's Rapid Deconstruct  Erth           ###.......   69%         5    ######.


Dungeon Overview and Level Annotations

Branches:
Dungeon (3/15)


Innate Abilities, Weirdness & Mutations

You have an increased reservoir of magic. (+10% MP)


Message History

* * * LOW HITPOINT WARNING * * *
You are too injured to fight recklessly!
You are too injured to fight recklessly!
You are too injured to fight recklessly!
You are too injured to fight recklessly!
You are too injured to fight recklessly!
You are too injured to fight recklessly!
You are too injured to fight recklessly!
You are too injured to fight recklessly!
You are too injured to fight recklessly!
You are too injured to fight recklessly!
Unknown command.
Casting: Sandblast (safe; 3% risk of failure)
Confirm with . or Enter, or press ? or * to list all spells.
Aiming: Sandblast (safe; 3% risk of failure)
Press: ? - help, Shift-Dir - straight line The blast of sand hits the orc wizard but does no damage.
b - 80 stones The orc hits you with a +0 war axe!
You die...

#....#.#........#
#.##.#.#........#
#.#..#.#........#
#.#.##.#........#
#.#....#........##
#.##########.....#
#......# #..♣..#
######.# #.♣_♣.# .
#....#.# #.@♣..# .
#.##.#.# #†oo..# .
#.#..#.# #.#...# .
#.#.##.# #. ..##
...#.#....# #.####
..#.###### #.
#.#......# #.
#.######.# #.
#.#....#.#


You could see an orc wizard and an orc.

Vanquished Creatures
  A worker ant (D:2)
  3 adders
  A worm (D:3)
  3 dart slugs
  2 orcs (D:3)
  2 giant cockroaches
  5 goblins
  6 hobgoblins
  3 jackals (D:3)
  3 quokkas
  2 ball pythons (D:1)
  6 bats
  A frilled lizard (D:2)
  5 kobolds
  4 rats
47 creatures vanquished.

Notes
Turn   | Place    | Note
-------+----------+-------------------------------------------
     0 | D:1      | Johnny the Demigod Earth Elementalist began the quest for
                  | the Orb.
     0 | D:1      | Reached XP level 1. HP: 14/14 MP: 5/5
   343 | D:1      | Reached skill level 3 in Earth Magic
   575 | D:1      | You fall into a shaft and drop 1 floor!
   576 | D:2      | Noticed a worker ant
   579 | D:2      | Killed a worker ant
   579 | D:2      | Reached XP level 2. HP: 20/20 MP: 3/7
   586 | D:2      | Reached XP level 3. HP: 12/26 MP: 2/8
  1111 | D:1      | Reached skill level 1 in Shields
  1732 | D:2      | Found an iron altar of Okawaru.
  1734 | D:2      | Found a shimmering altar of Xom.
  2806 | D:3      | Reached XP level 4. HP: 25/33 MP: 10/10
  3028 | D:3      | Reached skill level 4 in Earth Magic
  3077 | D:3      | Found a faded altar of an unknown god.
  3090 | D:3      | Slain by an orc

Illustrated notes

Levels and vault maps discovered:
D:1:      lightli_arrival_statue_moat, layout_basic, serial_curves,
          eino_curves_02, eino_curves_03, eino_curves_01, eino_curves_02,
          chequers_serial_rivers_small_3
D:2:      layout_rooms, chequers_temple_overflow_statue_of_worship,
          minmay_heptomino_d4
D:3:      layout_rooms, first_ration, chequers_ecumenical_altar_simple,
          minivault_4, patterned_corridor, uniq_crazy_yiuf_cottage, uniq_terence

Skill      XL: |  1  2  3  4 |
---------------+-------------+-----
Earth Magic    | 3 4 |  4.0
Spellcasting   | 2 |  2.5
Shields        | 1 |  1.4
Dodging        | |  1.7
Stealth        | |  1.7
Transmutations | |  0.8

Action                   |  1- 3 |  4- 6 || total
-------------------------+-------+-------++-------
Melee: Dagger            |   129 |       ||   129
       Unarmed           |     2 |       ||     2
       Falchion          |     1 |    12 ||    13
 Cast: Sandblast         |    22 |     5 ||    27
 Stab: Sleeping          |     4 |       ||     4
       Distracted        |     1 |       ||     1
  Eat: Chunk             |     3 |       ||     3
       Ration            |     1 |       ||     1
Armor: Robe              |     1 |       ||     1
       Leather armour    |    57 |     1 ||    58
Dodge: Dodged            |    99 |    13 ||   112
       Rpst.: Falchion   |       |     4 ||     4
